 Dungeon Crawl Stone Soup version 0.30-a0-721-ga6a225cb13 (webtiles) character file.

Game seed: 17208563776069163967

935 Dirtsage the Changer (level 8, -1/57 HPs)
             Began as an Octopode Transmuter on Jan 27, 2023.
             Succumbed to a water moccasin's poison
             ... on level 5 of the Dungeon.
             The game lasted 00:09:47 (5489 turns).

Dirtsage the Changer (Octopode Transmuter)          Turns: 5489, Time: 00:09:48

Health: -1/57      AC:  7    Str:  9    XL:     8   Next: 11%
Magic:  4/11       EV: 15    Int: 17    God:
Gold:   205        SH:  0    Dex: 13    Spells: 4/11 levels left

rFire   x . .      SeeInvis .      - Unarmed
rCold   + + +      Faith    .    (shield currently unavailable)
rNeg    . . .      Spirit   .    (helmet currently unavailable)
rPois   +          Reflect  .    (no amulet)
rElec   .          Harm     .    d - +5 ring of evasion
rCorr   .          Rampage  .    (no ring)
Will    .....                    (no ring)
Stlth   +                        (no ring)
HPRegen 0.29/turn                (no ring)
MPRegen 0.12/turn                (no ring)
                                 (no ring)
                                 (no ring)

@: lethally poisoned (-1 -> -21), ice-form
A: freezing attack, boosted hp, almost no armour, amphibious, 8 rings, large,
(camouflage 1), (gelatinous body 1), (nimble swimmer 1), (tentacles)
a: End Transformation


You were on level 5 of the Dungeon.
You were a creature of crystalline ice.
You visited 1 branch of the dungeon, and saw 7 of its levels.

You collected 205 gold pieces.

Inventory:

Missiles
 j - a throwing net
Magical Staves
 s - a staff of conjuration
Jewellery
 d - a +5 ring of evasion (left front paw)
Wands
 a - a wand of flame (2)
 v - a wand of iceblast (6)
 D - a wand of digging (5)
Scrolls
 b - a scroll of brand weapon {unknown}
 c - 5 scrolls of identify {unknown}
 e - a scroll of silence {unknown}
 f - a scroll of amnesia {unknown}
 h - 2 scrolls of fog {unknown}
 i - a scroll of enchant armour {unknown}
 k - a scroll of immolation {unknown}
 o - a scroll of magic mapping {unknown}
 p - a scroll of teleportation {unknown}
 r - a scroll of fear {unknown}
 u - a scroll of enchant weapon {unknown}
Potions
 g - a potion of brilliance {unknown}
 l - a potion of flight {unknown}
 m - 2 potions of mutation {unknown}
 n - a potion of haste {unknown}
 q - 3 potions of curing
 t - a potion of degeneration {unknown}


   Skills:
 - Level 1.0 Fighting
 - Level 2.0 Dodging
 - Level 3.0 Unarmed Combat
 - Level 2.0 Spellcasting
 + Level 6.6 Transmutations
 + Level 6.2 Ice Magic


You had 4 spell levels left.
You knew the following spells:

 Your Spells              Type           Power      Damage    Failure   Level
a - Beastly Appendage     Tmut           48%        N/A       1%          1
b - Wereblood             Tmut           24%        N/A       1%          2
c - Ice Form              Ice/Tmut       23%        N/A       14%         4

Your spell library contained the following spells:

 Spells                   Type           Power      Damage    Failure   Level
 Ensorcelled Hibernation  Hex/Ice        24%        N/A       9%          2
 Spider Form              Tmut/Pois      13%        N/A       14%         3
 Necrotise                Necr           4%         1d4       19%         1
 Sublimation of Blood     Necr           1%         N/A       28%         2
 Summon Ice Beast         Ice/Summ       12%        N/A       47%         4
 Anguish                  Hex/Necr       0%         N/A       88%         4
 Dispel Undead            Necr           1%         3d6       88%         4


Dungeon Overview and Level Annotations

Branches:
Dungeon (7/15)             Temple (0/1) D:5

Altars:
Kikubaaqudgha
Wu Jian

Annotations:
D:5 Grinder


Innate Abilities, Weirdness & Mutations

You are a creature of crystalline ice.
You have a powerful freezing melee attack.
Your maximum health is increased.
Your armour is entirely melded.
You are incapable of wielding weapons or throwing items.
You cannot wear most types of armour.
You are amphibious.
You can wear up to eight rings at the same time.
((Your skin changes colour to match your surroundings (Stealth+).))
((Your rubbery body absorbs attacks. (AC +1, EV +1)))
((You are camouflaged when in or above water. (Stealth+)))
((You have tentacles for arms and can constrict up to eight enemies at once.))


Message History

Grinder says, "Wait up."
Grinder hits you but does no damage.
You punch Grinder!
Grinder is almost dead.
Grinder gestures at you.
You suddenly lose the ability to move!
Grinder gestures at you. Pain shoots through your body!
Grinder blinks!
You can move again.
You take 11 damage, and have 21/57 hp.
You closely miss the water moccasin. The water moccasin bites you.
The water moccasin barely misses you.
You take 3 damage, and have 18/57 hp.
You hit the water moccasin.
The water moccasin seems to slow down.
You freeze the water moccasin.
The water moccasin is lightly wounded.
Your magical contamination has completely faded away.
You punch the water moccasin!
The water moccasin seems to slow down.
You freeze the water moccasin.
The water moccasin is severely wounded.
The water moccasin bites you.
* * * LOW HITPOINT WARNING * * *
You are lethally poisoned!
The water moccasin poisons you!
You take 5 damage, and have 14/57 hp.
You hit the water moccasin.
The water moccasin seems to slow down.
You freeze the water moccasin.
The water moccasin is severely wounded.
* * * LOW HITPOINT WARNING * * *
You feel very sick. The water moccasin bites you!
* * * LOW HITPOINT WARNING * * *
You are more poisoned.
The water moccasin poisons you! Grinder misses you.
You take 12 damage, and have 2/57 hp.
MASSIVE DAMAGE!!
You punch the water moccasin!
The water moccasin seems to slow down.
You freeze the water moccasin.
You kill the water moccasin!
You die...

########...###.#
#........#..# ..
..######....# #####.##.#
# . #.....##.### .#
..##.######...######.###
#....########....#......
#.....5..#######.#......
#.?....Y................
...###########.#.#......
#.#.....### #...###)#
###.. ... ### ..# .. ..


You could see Grinder.

Vanquished Creatures
  Menkaure (D:4)
  2 water moccasins
  A sky beast (D:7)
  Blork the orc (D:5)
  A scorpion (D:6)
  An electric eel (D:7)
  A jelly (D:5)
  3 hounds
  An orc priest (D:4)
  3 iguanas
  An orc wizard (D:5)
  4 gnolls (D:4)
  7 adders
  2 white imps
  2 worms
  3 dart slugs
  14 orcs
  6 endoplasms
  4 giant cockroaches
  5 goblins
  7 hobgoblins
  12 kobolds
  A quokka (D:3)
  A ball python (D:2)
  6 bats
  12 frilled lizards
  6 rats
108 creatures vanquished.

Vanquished Creatures (others)
  7 plants (D:1)
7 creatures vanquished.

Grand Total: 115 creatures vanquished

Notes
Turn   | Place    | Note
-------+----------+-------------------------------------------
     0 | D:1      | Dirtsage the Octopode Transmuter began the quest for the
                  | Orb.
     0 | D:1      | Reached XP level 1. HP: 13/13 MP: 3/3
   278 | D:1      | Reached skill level 1 in Ice Magic
   278 | D:1      | Reached XP level 2. HP: 18/18 MP: 3/5
   417 | D:1      | Learned a level 2 spell: Wereblood
   440 | D:1      | Reached XP level 3. HP: 20/23 MP: 4/6
  1749 | D:3      | Reached XP level 4. HP: 26/28 MP: 3/7
  1756 | D:3      | Learned a level 4 spell: Ice Form
  3074 | D:4      | Reached XP level 5. HP: 26/33 MP: 4/8
  3323 | D:4      | Got the Elucidation of Grisly Cold
  3528 | D:4      | Reached XP level 6. HP: 15/38 MP: 9/9
  3630 | D:4      | You fall into a shaft and drop 3 floors!
  3634 | D:7      | Found an ancient bone altar of Kikubaaqudgha.
  3635 | D:7      | Found an ornate altar of the Wu Jian Council.
  3755 | D:7      | Noticed a sky beast
  3773 | D:7      | Killed a sky beast
  3890 | D:6      | Noticed a water moccasin
  3905 | D:6      | Killed a water moccasin
  3906 | D:6      | Reached skill level 5 in Transmutations
  3906 | D:6      | Reached XP level 7. HP: 43/43 MP: 2/10
  4234 | D:6      | Reached skill level 5 in Ice Magic
  4463 | D:5      | Entered Level 5 of the Dungeon
  4466 | D:5      | Noticed Blork the orc
  4479 | D:5      | Killed Blork the orc
  5049 | D:5      | Found a staircase to the Ecumenical Temple.
  5049 | D:5      | Noticed Menkaure
  5079 | D:4      | Killed Menkaure
  5222 | D:5      | Reached XP level 8. HP: 48/48 MP: 5/11
  5473 | D:5      | Noticed Grinder
  5481 | D:5      | Paralysed by Grinder for 3 turns
  5488 | D:5      | HP: 2/57 [water moccasin (8)]
  5489 | D:5      | Succumbed to a water moccasin's poison

Illustrated notes

Levels and vault maps discovered:
D:1:      dpeg_arrival_circle_labyrinth_c, layout_basic, serial_park_tiny_1,
          minmay_lizard_king
D:2:      layout_loops_ring
D:3:      layout_basic
D:4:      nicolae_cairo_tiling_large, layout_loops_cross
D:5:      layout_rooms, minmay_temple_entry_statues_fountains, dk_vineyard_3,
          uniq_blork_the_orc, uniq_grinder, uniq_menkaure
D:6:      layout_basic, nicolae_lava_and_water, corexii_leaking_fountain
D:7:      layout_loops_ring, nicolae_overflow_squiral

Skill      XL: |  1  2  3  4  5  6  7 |
---------------+----------------------+-----
Ice Magic      | 1 2 3 4 6 |  6.2
Transmutations | 3 4 5 6 |  6.6
Fighting       | |  1.0
Dodging        | |  2.0
Unarmed Combat | |  3.0
Spellcasting   | |  2.0

Action                     |  1- 3 |  4- 6 |  7- 9 || total
---------------------------+-------+-------+-------++-------
  Melee: Unarmed           |    85 |   108 |    73 ||   266
         Constrict         |    22 |    22 |     2 ||    46
         Kick              |    21 |    22 |     1 ||    44
         Tentacles         |    14 |    25 |     6 ||    45
         Punch             |     1 |     5 |       ||     6
   Cast: Beastly Appendage |    20 |    16 |     2 ||    38
         Wereblood         |     1 |     4 |     4 ||     9
         Ice Form          |       |     3 |    10 ||    13
    Use: Potion            |       |       |     1 ||     1
   Stab: Sleeping          |     5 |     4 |       ||     9
 Armour: Skin              |       |     7 |    17 ||    24
  Dodge: Dodged            |    55 |    66 |    40 ||   161

Table legend: (Time is in decaauts)
 A = Elapsed time spent in this place.
 B = Non-inter-level travel time spent in this place.
 C = Inter-level travel time spent in this place.
 D = Time resting spent in this place.
 E = Time spent auto-exploring this place.
 F = Levels seen in this place.
 G = Mean time per level.
                   A        B        C        D        E       F      G
               +--------+--------+--------+--------+--------+-----+--------+
         Total |   5472 |   5225 |    247 |      0 |   4411 |   7 |  781.7 |
       Dungeon |   5472 |   5225 |    247 |      0 |   4411 |   7 |  781.7 |
               +--------+--------+--------+--------+--------+-----+--------+

Top non-repeatable levels by time:
     D:4: 1307 daAuts
     D:3: 1302 daAuts
     D:1: 968 daAuts
     D:2: 723 daAuts
     D:6: 571 daAuts
     D:5: 340 daAuts
     D:7: 259 daAuts
